 Dungeon Crawl Stone Soup version 0.28-a0-983-g1de4e0787c (webtiles) character file.

Game seed: 8258086548412842803

921 avis the Grappler (level 8, -1/68 HPs)
             Began as a Hill Orc Monk on Dec 1, 2021.
             Was a Believer of Beogh.
             Killed from afar by a steam dragon (13 damage)
             ... with a ball of steam
             ... on level 6 of the Dungeon on Dec 3, 2021.
             The game lasted 00:30:24 (8140 turns).

avis the Grappler (Hill Orc Monk)                   Turns: 8140, Time: 00:30:25

Health: -1/68      AC:  3    Str: 14    XL:     8   Next: 10%
Magic:  11/11      EV: 12    Int: 12    God:    Beogh [**....]
Gold:   298        SH:  0    Dex: 13    Spells: 7/7 levels left

rFire   . . .      SeeInvis .     - Unarmed
rCold   . . .      Faith    .   (no shield)
rNeg    . . .      Spirit   .   q - +0 leather armour
rPois   .          Reflect  .   (no helmet)
rElec   .          Harm     .   (no cloak)
rCorr   .          Rampage  .   (no gloves)
Will    .....                   (no boots)
Stlth   ++........              l - amulet of magic regeneration
HPRegen 0.21/turn               a - ring of flight
MPRegen 0.52/turn               (no ring)

@: flying
A: no striking features
a: Renounce Religion, Smiting


You were on level 6 of the Dungeon.
You worshipped Beogh.
Beogh was pleased with you.
You visited 2 branches of the dungeon, and saw 7 of its levels.

You collected 298 gold pieces.

Inventory:

Hand Weapons
 b - a +0 hunting sling
 w - a +2 vampiric dagger
Missiles
 c - 270 stones (quivered)
 j - 11 bolts
 o - 5 poisoned darts
 v - 3 boomerangs
Armour
 q - a +0 leather armour (worn)
Jewellery
 a - a ring of flight (left hand)
 l - an amulet of magic regeneration (around neck)
Wands
 k - a wand of paralysis (4)
 B - a wand of polymorph (7)
Scrolls
 d - 4 scrolls of identify {unknown}
 e - a scroll of noise {unknown}
 f - 5 scrolls of teleportation {unknown}
 h - 2 scrolls of holy word {unknown}
 i - 3 scrolls of fear {unknown}
 t - 2 scrolls of magic mapping {unknown}
 y - a scroll of fog {unknown}
 A - a scroll of blinking {unknown}
Potions
 g - a potion of cancellation {unknown}
 m - a potion of brilliance {unknown}
 p - 2 potions of might {unknown}
 x - a potion of haste {unknown}
 z - a potion of resistance {unknown}


   Skills:
 - Level 5.0 Fighting
 - Level 2.4 Dodging
 - Level 1.5 Stealth
 * Level 8.9 Unarmed Combat
 - Level 5.0 Invocations


You had 7 spell levels left.
You didn't know any spells.
Your spell library contained the following spells:

 Spells                   Type           Power      Damage    Failure   Level
 Tukima's Dance           Hex            0%         N/A       77%         3
 Passage of Golubria      Tloc           0%         N/A       99%         4
 Yara's Violent Unravell  Hex/Tmut       0%         3d3       100%        5


Dungeon Overview and Level Annotations

Branches:
Dungeon (6/15)             Temple (1/1) D:4

Altars:
Cheibriados
Dithmenos
Elyvilon
Gozag
Makhleb
Qazlal
Sif Muna
Trog
Vehumet
Wu Jian
Yredelemnul
Zin


Message History

Press: ? - help, Dir - move target, f/p - Grinder Smite: Grinder (almost dead)
You smite Grinder!!
You kill Grinder!
Beogh accepts your kill.
Training target 5.0 for Invocations reached!
Your Invocations skill increases to level 5!
You have reached level 8!
There is an escape hatch in the ceiling here.
A mysterious force pulls you upwards. The hatch slams shut behind you.
You start resting.
Magic restored.
You start resting.
HP restored.
There is a stone staircase leading down here.
You fly downwards.
There is a stone staircase leading up here.
There is a stone staircase leading up here.
A steam dragon comes into view.
The steam dragon breathes steam at you. The ball of steam hits you!!
You hear an angry hiss. x2
You closely miss the steam dragon. The steam dragon misses you. x2
You barely miss the steam dragon. The steam dragon bites you.
The steam dragon misses you.
A steam dragon comes into view.
You hit the steam dragon but do no damage.
Your punch misses the steam dragon. The steam dragon bites you.
The steam dragon claws you. The steam dragon breathes steam at you.
The ball of steam hits you!!
* * * LOW HITPOINT WARNING * * *
The steam dragon breathes steam at you. The ball of steam hits you!
* * * LOW HITPOINT WARNING * * *
There is a stone staircase leading up here.
The steam dragon breathes steam at you.
The ball of steam hits the steam dragon!
The steam dragon resists.
The ball of steam hits you!
You die...

..............######
###########.........
#.............
##.#######.._.
#..........8_
##############.._.
#.................
#.#########.#..#.#
#@.......#.<#..#.# ##.
#§######.#..#..#.# #≈.
#D# #..#..#.# #≈.
#.######.#.....#
#≈.####...§....##.#.##
#≈.D.§##D.#######.#..
#≈§§§§#..# #.#
#≈.8§§...# #.#
#≈≈§..#.##


You could see a steam dragon.

Vanquished Creatures
  Grinder (D:6)
  2 necrophages (D:5)
  2 water moccasin skeletons (D:5)
  A howler monkey (D:4)
  A centaur zombie (D:5)
  A bullfrog zombie (D:5)
  A hound (D:5)
  A jelly (D:4)
  An orc priest (D:3)
  An orc wizard (D:3)
  An iguana (D:5)
  4 gnolls
  9 adders
  2 shadow imps (D:5)
  A worm (D:4)
  A dart slug (D:1)
  15 orcs
  8 bats
  5 endoplasms
  3 giant cockroaches
  7 goblins
  6 hobgoblins
  2 jackals (D:4)
  9 quokkas
  4 ball pythons
  4 frilled lizards (D:1)
  8 kobolds
  3 rats
104 creatures vanquished.

Vanquished Creatures (others)
  An adder (D:3)
  2 orcs (D:3)
  3 ball pythons (D:3)
  A goblin (D:3)
  A kobold (D:3)
  8 plants (D:3)
16 creatures vanquished.

Grand Total: 120 creatures vanquished

Notes
Turn   | Place    | Note
-------+----------+-------------------------------------------
     0 | D:1      | avis the Hill Orc Monk began the quest for the Orb.
     0 | D:1      | Reached XP level 1. HP: 19/19 MP: 1/1
   103 | D:1      | Reached XP level 2. HP: 25/27 MP: 2/2
   391 | D:1      | Reached skill level 4 in Unarmed Combat
   594 | D:1      | Found a faded altar of an unknown god.
   821 | D:1      | Reached XP level 3. HP: 33/33 MP: 3/3
  1604 | D:1      | Reached XP level 4. HP: 4/41 MP: 4/4
  2034 | D:2      | Reached skill level 5 in Unarmed Combat
  2661 | D:2      | Found a basalt altar of Yredelemnul.
  2821 | D:3      | Became a worshipper of Beogh the Brigand
  2821 | D:3      | Reached * piety under Beogh
  2821 | D:3      | Reached ** piety under Beogh
  3252 | D:3      | Reached XP level 5. HP: 21/47 MP: 5/5
  3696 | D:3      | Reached skill level 5 in Fighting
  4188 | D:3      | Reached skill level 6 in Unarmed Combat
  4333 | D:3      | Found a radiant altar of Vehumet.
  4975 | D:4      | Reached skill level 1 in Invocations
  5141 | D:4      | Found a staircase to the Ecumenical Temple.
  5273 | D:4      | Reached XP level 6. HP: 55/56 MP: 6/6
  5958 | Temple   | Entered the Ecumenical Temple
  5978 | Temple   | Upgraded the game from 0.28-a0-973-ga7f8b01127 to
                  | 0.28-a0-983-g1de4e0787c
  6014 | D:5      | Entered Level 5 of the Dungeon
  6081 | D:5      | Noticed a necrophage
  6206 | D:5      | Noticed a necrophage
  6423 | D:5      | Reached skill level 7 in Unarmed Combat
  6677 | D:5      | Killed a necrophage
  6678 | D:5      | Reached XP level 7. HP: 43/61 MP: 9/9
  7053 | D:5      | Reached skill level 8 in Unarmed Combat
  7320 | D:5      | Reached *** piety under Beogh
  7530 | D:6      | Found a basalt altar of Yredelemnul.
  7530 | D:6      | Found a snail-covered altar of Cheibriados.
  7530 | D:6      | Found a stormy altar of Qazlal.
  7578 | D:6      | Noticed a death knight
  7578 | D:6      | Noticed a wraith
  7578 | D:6      | Noticed a skeletal warrior
  7760 | D:6      | Noticed Grinder
  7827 | D:6      | Paralysed by Grinder for 4 turns
  7832 | D:6      | Killed Grinder
  7833 | D:6      | Reached skill level 5 in Invocations
  7833 | D:6      | Reached XP level 8. HP: 10/68 MP: 5/11
  8140 | D:6      | Killed from afar by a steam dragon

Illustrated notes

Levels and vault maps discovered:
D:1:      kennysheep_arrival_forest, layout_basic,
          hellmonk_ecumenical_altar_prayer_group, hex_medium, minmay_distorted
D:2:      layout_loops_cross, basic_altar
D:3:      layout_basic, lemuel_doored_altar, serial_bayou_lake_a
D:4:      layout_basic, temple_doors_e, dk_noncrumbling_3, dk_noncrumbling_2,
          lemuel_flame_loot_1
D:5:      layout_loops_ring
D:6:      cheibrodos_steamvent, layout_basic,
          chequers_temple_overflow_statue_of_worship, uniq_grinder
Temple:   eino_temple_rhombus

Skill      XL: |  1  2  3  4  5  6  7 |
---------------+----------------------+-----
Fighting       | 4 5 |  5.0
Unarmed Combat | 4 5 6 7 8 |  8.9
Invocations    | 1 3 5 |  5.0
Dodging        | |  2.4
Stealth        | |  1.5

Action                   |  1- 3 |  4- 6 |  7- 9 || total
-------------------------+-------+-------+-------++-------
Melee: Unarmed           |   121 |   240 |    60 ||   421
       Punch             |       |     6 |     3 ||     9
Invok: Convert to Beogh  |       |     1 |       ||     1
       Smiting           |       |       |     2 ||     2
  Use: Potion            |       |     3 |     1 ||     4
 Stab: Sleeping          |     3 |     6 |       ||     9
       Distracted        |       |       |     1 ||     1
Armor: Robe              |    20 |    22 |     3 ||    45
       Skin              |       |     3 |       ||     3
Dodge: Dodged            |    70 |   118 |    31 ||   219

Table legend: (Time is in decaauts)
 A = Elapsed time spent in this place.
 B = Non-inter-level travel time spent in this place.
 C = Inter-level travel time spent in this place.
 D = Time resting spent in this place.
 E = Time spent auto-exploring this place.
 F = Levels seen in this place.
 G = Mean time per level.
                   A        B        C        D        E       F      G
               +--------+--------+--------+--------+--------+-----+--------+
         Total |   8122 |   7512 |    610 |   3124 |   2690 |   7 | 1160.3 |
       Dungeon |   8099 |   7489 |    610 |   3124 |   2690 |   6 | 1349.8 |
        Temple |     23 |     23 |      0 |      0 |      0 |   1 |   23.0 |
               +--------+--------+--------+--------+--------+-----+--------+

Top non-repeatable levels by time:
     D:1: 1934 daAuts
     D:4: 1726 daAuts
     D:3: 1497 daAuts
     D:5: 1381 daAuts
     D:2: 1244 daAuts
     D:6: 315 daAuts
  Temple: 23 daAuts
